 Dungeon Crawl Stone Soup version 0.29.1-15-g9cfb28693d (webtiles) character file.

Game seed: 11175200732709184807

1977 Sanktem7 the Fighter (level 9, -2/85 HPs)
             Began as a Minotaur Fighter on Mar 3, 2023.
             Slain by an ogre
             ... wielding a +0 giant club
              (8 damage)
             ... on level 6 of the Dungeon.
             The game lasted 00:13:48 (6440 turns).

Sanktem7 the Fighter (Minotaur Fighter)             Turns: 6440, Time: 00:13:48

Health: -2/85      AC:  8    Str: 24    XL:     9   Next: 0%
Magic:  8/8        EV: 10    Int:  5    God:
Gold:   338        SH:  0    Dex: 11    Spells: 8/8 levels left

rFire   . . .      SeeInvis .   s - +3 dire flail (vorpal) {mace}
rCold   + . .      Faith    .   (shield currently unavailable)
rNeg    . . .      Spirit   .   b - +0 scale mail
rPois   +          Reflect  .   (helmet restricted)
rElec   .          Harm     .   r - +0 cloak
rCorr   .          Rampage  .   (no gloves)
Will    .....                   (no boots)
Stlth   ..........              (no amulet)
HPRegen 0.24/turn               g - ring "Lediano" {rPois rC+}
MPRegen 0.11/turn               p - ring of flight

@: about to teleport, flying
A: horns 2, retaliatory headbutt
a: no special abilities


You were on level 6 of the Dungeon.
You visited 1 branch of the dungeon, and saw 6 of its levels.
You also visited: Sewer.

You collected 338 gold pieces.


Innate Abilities, Weirdness & Mutations

You have a pair of horns on your head.
You reflexively headbutt those who attack you in melee.


   Skills:
 * Level 10.1 Fighting
 - Level 6.8(8.1) Axes
 * Level 6.5(7.9) Maces & Flails
 - Level 6.0 Armour
 - Level 3.6 Shields


You had 8 spell levels left.
You didn't know any spells.
Your spell library contained the following spells:

 Spells                   Type           Power      Damage    Failure   Level
 Frozen Ramparts          Ice            0%         1d1       98%         3
 Gell's Gravitas          Tloc           0%         N/A       98%         3
 Teleport Other           Tloc           0%         N/A       98%         3
 Ice Form                 Ice/Tmut       0%         N/A       100%        4
 Summon Ice Beast         Ice/Summ       0%         N/A       100%        4
 Dispersal                Tloc           0%         N/A       100%        6

Inventory:

Hand Weapons
 a - a +0 war axe of protection {axe}
 s - a +3 vorpal dire flail (weapon) {mace}
   (You took it off Edmund on level 4 of the Dungeon)
Missiles
 e - 76 stones (quivered) {throwing}
 l - 14 poisoned darts {throwing}
Armour
 b - a +0 scale mail (worn)
 r - a +0 cloak (worn)
   (You found it on level 2 of the Dungeon)
Jewellery
 f - a ring of protection from fire
   (You found it on level 1 of the Dungeon)
 g - the ring "Lediano" (left hand) {rPois rC+}
   (You acquired it on level 3 of the Dungeon)

   [ring of poison resistance]

   rC:        It protects you from cold.
   rPois:     It protects you from poison.
 p - a ring of flight (right hand)
   (You found it on level 2 of the Dungeon)
Scrolls
 c - a scroll of immolation {unknown}
 h - 2 scrolls of poison
 i - a scroll of teleportation {@r4}
 y - a scroll of magic mapping {!r}
 C - a scroll of butterflies
Potions
 d - 3 potions of might
 j - a potion of cancellation {unknown}
 k - 4 potions of lignification {!q}
 m - a potion of heal wounds {@q2}
 q - a potion of haste {unknown}
 t - 4 potions of magic
 u - 2 potions of mutation {unknown}
 w - a potion of invisibility {unknown}
 x - 3 potions of curing {@q1}
 z - a potion of degeneration {unknown}
 A - a potion of flight {unknown}

Dungeon Overview and Level Annotations

Branches:
Dungeon (6/15) Zot: 26670   Sewer (visited)
 Temple: D:4-7

Altars:
Hepliaklqana
Yredelemnul
The Shining One

...##....#..#.##.#...#.###
..............##.#...#
.###........####.#...#
........###.# #.#...#
.#.#....# #.# #..#'#..#
.....[..###.#######.####
##.....[...†....##...##
####.######..###O....####
#. #.##.OOl@..8...'.# ..
#...#####...###.# ###
#.##.# #...###.###### #
#.# #)>.#........# #..
#)).########.#
##.####)..###### #.#
..+...8...'..###.#
####..)..###..##.##
##)..## ##.....#


You could see 3 ogres and an iguana.


Message History

You are poisoned.
The scorpion poisons you! 😕 HP[-3]
You take 3 damage, and now have 76/79 hp.
You sock the scorpion!
You feel very sick.
A phantom comes into view.
The scorpion stings you. 😕 HP[-4]
You take 4 damage, and now have 72/79 hp.
You thump the scorpion!
You kill the scorpion!
You feel sick.
An ogre comes into view. It is wielding a +0 giant club.
Your Fighting skill increases to level 10! 😕 HP[-1]
You take 1 damage, and now have 71/79 hp.
You feel sick.
An adder comes into view.
You see here an adder corpse. 😕 HP[-2]
You take 2 damage, and now have 69/79 hp.
You feel sick. 😕 HP[-1]
You take 1 damage, and now have 68/79 hp.
You feel sick. The phantom hits you.
The phantom blinks!
You blink. 😕 HP[-5]
You take 5 damage, and now have 63/79 hp.
You feel sick. 😕 HP[-1]
You take 1 damage, and now have 62/79 hp.
You feel sick.
An iguana comes into view. 😕 HP[-1]
You take 1 damage, and now have 61/79 hp.
You feel sick. 😕 HP[-1]
You take 1 damage, and now have 60/79 hp.
The phantom attacks as you move away! The phantom hits you.
You feel sick.
You are no longer poisoned.
An ogre comes into view.
It is wielding a +0 giant club. 😮 HP[-3]
You take 3 damage, and now have 57/79 hp.
You sock the phantom!
You headbutt the phantom, but do no damage.
The phantom hits you.
The phantom blinks!
You blink. 😮 HP[-2]
You take 2 damage, and now have 55/79 hp.
You puncture the phantom!
You destroy the phantom!
The ogre closely misses you. The adder barely misses you.
You have reached level 9!
Your experience leads to an increase in your attributes!
Increase (S)trength, (I)ntelligence, or (D)exterity?
You feel stronger. x2 😮 HP[+4] MP[+1]
You now have 85 max hp (+6).
You regained 4 hp, and now have 59/85 hp.
Your mp is fully restored (8).
You barely miss the adder. Your headbutt misses the adder.
An iguana comes into view.
The adder closely misses you. You furiously retaliate!
You headbutt the adder!
You kill the adder! 😮 HP[+1]
You barely miss the iguana.
The ogre hits you with a +0 giant club!!
* * * LOW HITPOINT WARNING * * *
The iguana misses you. You furiously retaliate!
You headbutt the iguana! 😨 HP[-20]
You take 20 damage, and now have 40/85 hp.
MASSIVE DAMAGE!! (PAUSE)
You barely miss the iguana. You headbutt the iguana.
The ogre closely misses you. The iguana bites you!
* * * LOW HITPOINT WARNING * * *
😨 HP[-8]
You take 8 damage, and now have 32/85 hp.
An ogre comes into view. It is wielding a +0 giant club.
There is an open door here.
The sentinel's mark upon you fades away.
The ogre hits you with a +0 giant club!!
* * * LOW HITPOINT WARNING * * *
😱 HP[-21]
You take 21 damage, and now have 11/85 hp.
MASSIVE DAMAGE!! (PAUSE)
As you read the scroll of teleportation {@r4}, it crumbles to dust.
You feel strangely unstable. The iguana bites you!
* * * LOW HITPOINT WARNING * * *
😱 HP[-8]
You take 8 damage, and now have 3/85 hp.
You feel much better.
The ogre hits you with a +0 giant club!!
* * * LOW HITPOINT WARNING * * *
The iguana bites you but does no damage. 😱 HP[+3]
You regained 3 hp, and now have 6/85 hp.
You barely miss the ogre. The ogre hits you with a +0 giant club!
You die...

Skill      XL: |  1  2  3  4  5  6  7  8 |
---------------+-------------------------+-----
Fighting       | 4 5 6 8 10 | 10.1
Axes           | 3 4 5 6 |  6.8
Armour         | 4 5 6 |  6.0
Maces & Flails | 2 6 |  6.5
Shields        | |  3.6

Action                   |  1- 3 |  4- 6 |  7- 9 || total
-------------------------+-------+-------+-------++-------
Melee: War axe           |    63 |   136 |    33 ||   232
       Headbutt          |    10 |    26 |    30 ||    66
       Dire flail        |       |       |    77 ||    77
  Use: Scroll            |       |     9 |     6 ||    15
       Potion            |       |       |     3 ||     3
Armor: Scale mail        |    27 |    58 |    45 ||   130
Dodge: Dodged            |    22 |    58 |    47 ||   127
Block: Buckler           |    15 |    30 |     8 ||    53

Levels and vault maps discovered:
D:1:      dpeg_arrival_signposts, layout_basic,
          hellmonk_ecumenical_altar_arch_garden
D:2:      layout_basic, uniq_robin, uniq_terence
D:3:      layout_basic, tso_oasis_becter, dk_yredelemnul_ordeal,
          gup_sewer_entry_pipe, uniq_natasha
D:4:      layout_basic, uniq_edmund
D:5:      layout_basic, mainiacjoe_overflow_chevrons, st_stairs_3
D:6:      layout_loops_cross, grunt_ministairs_15

Notes
Turn   | Place    | Note
-------+----------+-------------------------------------------
     0 | D:1      | Sanktem7 the Minotaur Fighter began the quest for the Orb.
     0 | D:1      | Reached XP level 1. HP: 19/19 MP: 0/0
     0 | D:1      | magus.rc [v1.9.6]
    48 | D:1      | Found a faded altar of an unknown god.
   277 | D:1      | You add the spells Gell's Gravitas, Teleport Other and
                  | Dispersal to your library.
   335 | D:1      | Reached XP level 2. HP: 23/27 MP: 1/1
   502 | D:1      | Reached skill level 4 in Fighting
   545 | D:1      | Reached skill level 3 in Axes
   980 | D:2      | Noticed Terence
   987 | D:2      | Killed Terence
   988 | D:2      | Reached skill level 4 in Armour
   988 | D:2      | Reached XP level 3. HP: 28/34 MP: 2/2
  1644 | D:2      | Reached XP level 4. HP: 41/41 MP: 3/3
  1697 | D:2      | Noticed Robin
  1709 | D:2      | Killed Robin
  1710 | D:2      | Reached skill level 4 in Axes
  2190 | D:3      | Reached skill level 5 in Fighting
  2278 | D:3      | Found a glowing drain.
  2287 | Sewer    | Entered a sewer
  2390 | Sewer    | Reached XP level 5. HP: 48/48 MP: 4/4
  2516 | Sewer    | Found a viscous altar of Jiyva.
  2639 | D:3      | Reached skill level 5 in Axes
  2737 | D:3      | Noticed Natasha
  2743 | D:3      | Killed Natasha
  2744 | D:3      | Reached XP level 6. HP: 50/57 MP: 5/5
  2891 | D:3      | Reached skill level 6 in Fighting
  3015 | D:3      | Found a glowing golden altar of the Shining One.
  3024 | D:3      | Noticed a human
  3025 | D:3      | Found a runed translucent door.
  3085 | D:3      | Found a basalt altar of Yredelemnul.
  3144 | D:3      | Identified a scroll of acquirement
  3145 | D:3      | Acquired the ring "Lediano" {rPois rC+}
  3176 | D:4      | HP: 14/57 [ogre/+0 giant club (20)]
  3178 | D:4      | Reached skill level 5 in Armour
  3603 | D:4      | You pick up a book of Rime and begin reading...
  3603 | D:4      | You add the spells Frozen Ramparts, Ice Form and Summon Ice
                  | Beast to your library.
  3663 | D:4      | Reached skill level 6 in Axes
  3663 | D:4      | Reached XP level 7. HP: 50/64 MP: 6/6
  3856 | D:4      | Reached skill level 7 in Fighting
  4225 | D:4      | Noticed Edmund
  4239 | D:4      | Killed Edmund
  4884 | D:5      | Entered Level 5 of the Dungeon
  4942 | D:5      | Reached skill level 1 in Maces & Flails
  4958 | D:5      | Identified the +2 dagger "Zoac" {flame, rPois rF+}
  5007 | D:5      | HP: 1/67 [ogre/+0 giant club (20)]
  5010 | D:5      | Reached skill level 2 in Maces & Flails
  5010 | D:5      | Reached skill level 6 in Armour
  5014 | D:5      | Reached skill level 8 in Fighting
  5016 | D:5      | Reached XP level 8. HP: 28/74 MP: 7/7
  5239 | D:5      | Reached skill level 3 in Maces & Flails
  5248 | D:5      | Reached skill level 4 in Maces & Flails
  5667 | D:5      | Found a hazy altar of Hepliaklqana.
  6115 | D:6      | Reached skill level 9 in Fighting
  6124 | D:6      | Reached skill level 5 in Maces & Flails
  6279 | D:6      | Reached skill level 6 in Maces & Flails
  6423 | D:6      | Reached skill level 10 in Fighting
  6433 | D:6      | Reached XP level 9. HP: 59/85 MP: 8/8
  6437 | D:6      | HP: 11/85 [ogre/+0 giant club (22)]
  6438 | D:6      | HP: 3/85 [iguana (8)]
  6440 | D:6      | Slain by an ogre

Vanquished Creatures
  A wyvern (D:6)
  Edmund (D:4)
  A water moccasin (D:5)
  An ice beast (D:5)
  A black bear (D:5)
  4 ogres
  3 phantoms
  5 scorpions
  2 hounds (D:5)
  3 orc priests
  3 jellies
  A human zombie (D:3)
  An iguana (D:5)
  Terence (D:2)
  Natasha (D:3)
  Robin (D:2)
  10 adders
  4 ufetubi
  3 worms
  A dart slug (D:3)
  6 orcs
  13 ball pythons
  2 bats
  9 endoplasms
  8 giant cockroaches
  12 goblins
  6 hobgoblins
  4 jackals (D:3)
  7 kobolds
  3 quokkas (D:3)
  8 frilled lizards
  A goblin skeleton (D:3)
  A goblin zombie (D:3)
  A kobold zombie (D:3)
  8 rats
137 creatures vanquished.

Vanquished Creatures (others)
  2 plants (D:3)
2 creatures vanquished.

Grand Total: 139 creatures vanquished

Table legend:
 A = Non-vault XP
 B = Vault XP
 C = Vault XP percentage of total XP
 D = Non-vault monster count
 E = Vault monster count
 F = Vault count percentage of total count
                 A         B        C        D         E       F
            +---------+---------+-------+---------+---------+-------
      Total |    2186 |     639 |  22.6 |      88 |      49 |  35.8
            +---------+---------+-------+---------+---------+-------
        D:1 |      24 |       0 |   0.0 |      15 |       0 |   0.0
        D:2 |      47 |      69 |  59.5 |      20 |      11 |  35.5
        D:3 |      89 |      87 |  49.4 |      17 |      10 |  37.0
        D:4 |     557 |     154 |  21.7 |      12 |       1 |   7.7
        D:5 |     722 |      51 |   6.6 |      10 |       2 |  16.7
        D:6 |     747 |     135 |  15.3 |      14 |       2 |  12.5
      Sewer |       0 |     143 | 100.0 |       0 |      23 | 100.0
            +---------+---------+-------+---------+---------+-------

Illustrated notes

Table legend:
 A = Kills in this place as a percentage of kills in entire the game.
 B = Kills by you in this place as a percentage of kills by you in the entire game.
 C = Kills by friends in this place as a percentage of kills by friends in the entire game.
 D = Other kills in this place as a percentage of other kills in the entire game.
 E = Experience gained in this place as a percentage of experience gained in the entire game.
 F = Experience gained in this place divided by the number of levels of this place that you have seen.
                   A       B       C       D       E      F
               +-------+-------+-------+-------+-------+----------------------
         Total | 100.0 | 100.0 |   N/A |   N/A | 100.0 | 403.6
       Dungeon |  83.2 |  83.2 |   N/A |   N/A |  94.9 | 447.0
         Sewer |  16.8 |  16.8 |   N/A |   N/A |   5.1 | 143.0
               +-------+-------+-------+-------+-------+----------------------

Table legend: (Time is in decaauts)
 A = Elapsed time spent in this place.
 B = Non-inter-level travel time spent in this place.
 C = Inter-level travel time spent in this place.
 D = Time resting spent in this place.
 E = Time spent auto-exploring this place.
 F = Levels seen in this place.
 G = Mean time per level.
                   A        B        C        D        E       F      G
               +--------+--------+--------+--------+--------+-----+--------+
         Total |   6557 |   6317 |    240 |      0 |   5359 |   7 |  936.7 |
       Dungeon |   6200 |   5960 |    240 |      0 |   5143 |   6 | 1033.3 |
         Sewer |    356 |    356 |      0 |      0 |    216 |   1 |  356.0 |
               +--------+--------+--------+--------+--------+-----+--------+

Top non-repeatable levels by time:
     D:4: 1740 daAuts
     D:2: 1333 daAuts
     D:5: 1232 daAuts
     D:1: 868 daAuts
     D:3: 696 daAuts
   Sewer: 356 daAuts
     D:6: 329 daAuts
